 Dungeon Crawl Stone Soup version 0.31.0-12-g77e489cdc1 (webtiles) character file.

Game seed: 535944761017137992

695 Curundu the Chopper (level 7, -2/47 (61) HPs)
             Began as a Minotaur Berserker on Mar 3, 2024.
             Was a Believer of Trog.
             Shot with an arrow by a centaur (7 damage)
             ... on level 6 of the Dungeon.
             The game lasted 00:12:40 (3953 turns).

Curundu the Chopper (Minotaur Berserker)            Turns: 3953, Time: 00:12:41

HP:   -2/47 (61)    AC: 18    Str: 23    XL:     7   Next: 37%
MP:   6/6           EV:  7    Int:  4    God:    Trog [**....]
Gold: 232           SH:  0    Dex: 10    Spells: 6/6 levels left

rFire   . . .        t - +4 quarterstaff (chaos)
rCold   . . .        (shield currently unavailable)
rNeg    . . .        z - +0 plate armour
rPois   .            (helmet restricted)
rElec   .            u - +2 cloak {rCorr}
rCorr   +            s - +0 pair of gloves
SInv    .            v - +0 pair of boots
Will    .....        (no amulet) Stlth
                     (no ring)
HPRegen 0.27/turn    (no ring)
MPRegen 0.10/turn

%: no passive effects
@: heavily drained
A: horns 2, retaliatory headbutt
a: Renounce Religion, Berserk, Trog's Hand


You were on level 6 of the Dungeon.
You worshipped Trog.
Trog was pleased with you.
You visited 1 branch of the dungeon, and saw 6 of its levels.

You collected 232 gold pieces.

Inventory:

Hand Weapons
 a - a +0 hand axe
 t - a +4 quarterstaff of chaos (weapon)
 w - a +0 war axe
Missiles
 p - 6 boomerangs (quivered)
Armour
 j - a scarf of resistance
 s - a +0 pair of gloves (worn)
 u - a +2 cloak of preservation (worn)
 v - a +0 pair of boots (worn)
 z - a +0 plate armour (worn)
Jewellery
 n - a +6 ring of strength
Wands
 x - a wand of iceblast (8)
 y - a wand of mindburst (9)
Scrolls
 c - a scroll of blinking {unknown}
 e - 4 scrolls of teleportation {unknown}
 f - a scroll of immolation {unknown}
 g - 2 scrolls of identify {unknown}
 h - a scroll of revelation {unknown}
 q - 3 scrolls of enchant weapon {unknown}
Potions
 b - 2 potions of cancellation {unknown}
 d - 2 potions of berserk rage {unknown}
 i - 2 potions of might {unknown}
 k - 2 potions of resistance {unknown}
 l - a potion of lignification {unknown}
 m - 2 potions of mutation {unknown}
 o - 5 potions of invisibility {unknown}
 r - 2 potions of haste {unknown}


   Skills:
 + Level 5.5 Fighting
 + Level 6.8 Axes
 + Level 1.7 Staves
 + Level 5.5 Armour
 + Level 3.8 Dodging
 + Level 0.8 Stealth


You had 6 spell levels left.
You didn't know any spells.
Your spell library was empty.

Dungeon Overview and Level Annotations

Branches:
Dungeon (6/15)
 Temple: D:4-7

Altars:
Gozag
Makhleb
Trog
Wu Jian
Yredelemnul

Annotations:
D:6 Jeremiah


Innate Abilities, Weirdness & Mutations

You have a pair of horns on your head.
You reflexively headbutt those who attack you in melee.


Message History

You feel drained.
You hit the butterfly. You burn the butterfly.
You kill the butterfly!
The butterfly disappears in a burst of colours! x2
Jeremiah hits you from afar with a +3 trident of draining.
You feel drained.
Jeremiah says, "I don't want to hurt you.
Just - go!
Run!"
You see here a book of Displacement.
Jeremiah cries, "Fearful master, protect me!"
Something smites you!
* * * LOW HITPOINT WARNING * * *
The butterfly disappears in a burst of colours!
The butterfly disappears in a burst of colours!
The butterfly disappears in a burst of colours! x2
You miss the butterfly.
The butterfly disappears in a burst of colours!
The butterfly disappears in a burst of colours!
A centaur comes into view.
Found a leather armour.
Found a stone staircase leading down.
The centaur shouts!
The butterfly disappears in a burst of colours!
The centaur wields a +0 shortbow.
The centaur shoots an arrow.
The arrow hits you.
* * * LOW HITPOINT WARNING * * *
The centaur shoots an arrow.
The arrow hits you but does no damage.
The centaur shoots an arrow.
The arrow hits you but does no damage.
The centaur shoots an arrow.
The arrow hits you but does no damage.
The centaur shoots an arrow.
The arrow hits you but does no damage.
The centaur shoots an arrow.
The arrow barely misses you.
The centaur shoots an arrow.
The arrow hits you but does no damage.
The centaur shoots an arrow.
The arrow barely misses you.
The centaur shoots an arrow.
The arrow hits you but does no damage.
There is a stone staircase leading down here.
The centaur shoots an arrow.
The arrow hits you!
* * * LOW HITPOINT WARNING * * *
The centaur shoots an arrow.
The arrow hits you but does no damage.
The centaur shoots an arrow.
The arrow hits you.
* * * LOW HITPOINT WARNING * * *
The centaur shoots an arrow.
The arrow hits you!
You die...

#####################
....................#.
♣♣♣♣.._..♣♣♣♣..####....
.......................
####.@.<####.#####..
#.#### #........
##.#######.#####..
#..........#
#..#######.# #[>#
#.#### ####..####
#..Fb#
#..c.....####.##b#
#.##..##.....b##.#


You could see a centaur.

Vanquished Creatures
  Pargi (D:3)
  An ice beast (D:3)
  A black bear (D:4)
  A bombardier beetle (D:4)
  6 hounds
  Crazy Yiuf (D:4)
  Natasha (D:3)
  Robin (D:3)
  5 adders
  2 ribbon worms (D:2)
  10 orcs
  5 bats
  5 endoplasms
  3 giant cockroaches
  14 goblins
  4 hobgoblins
  3 jackals (D:1)
  8 kobolds
  3 quokkas
  8 ball pythons
  3 frilled lizards
  4 rats
90 creatures vanquished.

Notes
Turn   | Place    | Note
-------+----------+-------------------------------------------
     0 | D:1      | Curundu the Minotaur Berserker began the quest for the Orb.
     0 | D:1      | Reached XP level 1. HP: 19/19 MP: 0/0
   148 | D:1      | Reached XP level 2. HP: 24/27 MP: 1/1
   480 | D:1      | Reached skill level 4 in Axes
   883 | D:2      | Identified the +2 scale mail "Riuh" {Int+5}
   913 | D:2      | Reached ** piety under Trog
  1036 | D:2      | Reached XP level 3. HP: 33/33 MP: 2/2
  1667 | D:3      | Reached XP level 4. HP: 38/41 MP: 3/3
  1746 | D:3      | Noticed Pargi
  1758 | D:3      | Killed Pargi
  1759 | D:3      | Reached skill level 5 in Axes
  1759 | D:3      | Reached XP level 5. HP: 47/47 MP: 4/4
  1765 | D:3      | Noticed Robin
  1773 | D:3      | Killed Robin
  1857 | D:3      | Noticed an ice beast
  1870 | D:3      | Killed an ice beast
  1871 | D:3      | Reached skill level 5 in Fighting
  1871 | D:3      | Reached XP level 6. HP: 49/56 MP: 5/5
  1894 | D:3      | Noticed Natasha
  1904 | D:3      | Killed Natasha
  2270 | D:4      | Reached skill level 6 in Axes
  2343 | D:4      | Found a runed translucent door.
  2344 | D:4      | Noticed Crazy Yiuf
  2351 | D:4      | Killed Crazy Yiuf
  2562 | D:4      | Reached skill level 5 in Armour
  2702 | D:4      | Reached XP level 7. HP: 61/61 MP: 6/6
  2810 | D:4      | Found a bloodstained altar of Trog.
  2820 | D:4      | Found an ornate altar of the Wu Jian Council.
  2981 | D:5      | Entered Level 5 of the Dungeon
  2981 | D:5      | Found a basalt altar of Yredelemnul.
  2982 | D:5      | Found a burning altar of Makhleb.
  3219 | D:5      | Reached skill level 1 in Staves
  3841 | D:6      | Found an opulent altar of Gozag.
  3874 | D:6      | Noticed Jeremiah
  3953 | D:6      | Shot with an arrow by a centaur

Illustrated notes

Levels and vault maps discovered:
D:1:      dpeg_arrival_fog, layout_basic
D:2:      layout_basic
D:3:      layout_rooms, uniq_natasha, uniq_pargi, uniq_robin
D:4:      layout_loops_ring, jmf_multi_god_temple2,
          chequers_serial_rivers_large_b, uniq_crazy_yiuf_cottage
D:5:      layout_cave_pods, chequers_temple_overflow_statue_of_worship
D:6:      layout_loops_ring, mainiacjoe_overflow_boulevard,
          minmay_temple_entry_overgrown, uniq_jeremiah, uniq_grinder

Skill      XL: |  1  2  3  4  5  6  7 |
---------------+----------------------+-----
Fighting       | 4 5 |  5.5
Axes           | 4 5 6 |  6.8
Armour         | 3 4 5 |  5.5
Dodging        | 3 |  3.8
Staves         | 1 |  1.7
Stealth        | |  0.8

Action                     |  1- 3 |  4- 6 |  7- 9 || total
---------------------------+-------+-------+-------++-------
  Melee: Hand axe          |    90 |    68 |       ||   158
         Headbutt          |    11 |    20 |     4 ||    35
         Quarterstaff      |       |    12 |    40 ||    52
 Invoke: Trog's Hand       |       |     4 |       ||     4
         Berserk           |       |     2 |       ||     2
 Armour: Animal skin       |    20 |       |       ||    20
         Scale mail        |    37 |    96 |    23 ||   156
         Plate armour      |       |       |    21 ||    21
  Dodge: Dodged            |    72 |    67 |    24 ||   163
